cohdb
Replays
Latest Replays
All Replays
Popular Replays
Top Player Replays
Match Explorer
How It Works
Community
CoH3 Stats
Reddit
Sign in to upload your games and track your stats! →
Sign in with Steam
Match 45675735
Unlisted
Match 45675735
Overview
Messages
Build Orders
End
Engineer Squad
Construct Barracks
Riflemen Squad
Riflemen Squad
Grenade Package
Riflemen Squad
Construct Medical Station
Construct Weapon Support Center
Riflemen Squad
Construct Weapon Support Center
Engineer Squad
Mechanized Support Center
Riflemen Squad
Construct Tank Depot
Selects Armored Battlegroup
Selects Veteran Crews
Selects Field Repairs
Selects War Machine
Selects Strength in Steel
M4A1 Sherman Medium Tank
M4A1 Sherman Medium Tank
Selects Seek and Destroy
Engineer Squad
M4A1 Sherman Medium Tank
Engineer Squad
Seocheon
CalmDownJustAGame
From Voodoo to Zen
Timeless
0
0
Comments
sign in to comment!
No comments posted yet!